 Dungeon Crawl Stone Soup version 0.29.0-4-gdea44cf6ec (webtiles) character file.

Game seed: 18398654474034802871

37 qw the Chopper (level 3, -2/21 HPs)
             Began as a Tengu Warper on Aug 29, 2022.
             Slain by Terence
             ... wielding a +0 short sword
              (4 damage)
             ... on level 2 of the Dungeon.
             The game lasted 00:00:10 (1378 turns).

qw the Chopper (Tengu Warper)                       Turns: 1378, Time: 00:00:10

Health: -2/21      AC:  5    Str: 13    XL:     3   Next: 41%
Magic:  7/7        EV: 15    Int: 13    God:
Gold:   98         SH:  0    Dex: 13    Spells: 6/6 levels left

rFire   . . .      SeeInvis .   Y - +0 hand axe
rCold   . . .      Faith    .   (no shield)
rNeg    . . .      Spirit   .   j - +0 ring mail
rPois   .          Reflect  .   (helmet restricted)
rElec   .          Harm     .   (no cloak)
rCorr   .          Rampage  .   (no gloves)
Will    .....                   (boots unavailable)
Stlth   +.........              (no amulet)
HPRegen 0.07/turn               i - +4 ring of evasion
MPRegen 0.10/turn               (no ring)

@: no status effects
A: beak, talons 3
a: no special abilities


You were on level 2 of the Dungeon.
You visited 1 branch of the dungeon, and saw 2 of its levels.

You collected 98 gold pieces.


Innate Abilities, Weirdness & Mutations

You have a beak for a mouth.
You have claws for feet.


   Skills:
 - Level 2.0 Fighting
 + Level 4.1 Axes
 - Level 1.0 Throwing
 - Level 1.1 Armour
 - Level 2.1 Dodging
 - Level 2.0 Spellcasting
 - Level 2.4 Translocations


You had 6 spell levels left.
You didn't know any spells.
Your spell library contained the following spells:

 Spells                   Type           Power      Damage    Failure   Level
 Blink                    Tloc           14%        N/A       30%         2
 Gell's Gravitas          Tloc           7%         N/A       52%         3
 Lesser Beckoning         Tloc           7%         N/A       52%         3
 Teleport Other           Tloc           7%         N/A       52%         3
 Manifold Assault         Tloc           7%         N/A       99%         5

Inventory:

Hand Weapons
 g - a +0 whip
 Y - a +0 hand axe (weapon)
Armour
 j - a +0 ring mail (worn)
Jewellery
 i - a +4 ring of evasion (left hand)
 l - a ring of ice
Scrolls
 a - a scroll of magic mapping {unknown}
 b - a scroll of noise {unknown}
 h - 3 scrolls of identify
Potions
 e - a potion of curing {unknown}
 m - a potion of degeneration {unknown}

Dungeon Overview and Level Annotations

Branches:
Dungeon (2/15)

Altars:

Annotations:
D:2 Terence


Message History

Enter note: You now have 98 gold pieces (gained 8).
Terence and a goblin come into view.
Terence shouts!
The goblin shouts!
Terence bares his teeth.
The goblin unwields a +0 dagger.
The goblin wields a +0 sling.
The goblin shoots a sling bullet.
The sling bullet barely misses you.
A rat comes into view.
Terence moves out of view.
1366 ||| Stepping ~*~*~tactically~*~*~ (hiding).
1368 ||| Stepping ~*~*~tactically~*~*~ (hiding).
There is an escape hatch in the floor here.
1370 ||| Stepping ~*~*~tactically~*~*~ (hiding).
The rat attacks as you move away! The rat closely misses you.
Terence drinks a potion.
Terence seems to speed up.
You hit the rat. You claw the rat.
You kill the rat!
You barely miss Terence. You claw Terence, but do no damage.
Terence hits you with a +0 short sword. x2
You hit Terence. You claw Terence!
Terence is heavily wounded.
Terence misses you. Terence hits you with a +0 short sword.
You barely miss Terence.
Terence is heavily wounded.
Terence misses you.
You hit Terence but do no damage.
Terence is heavily wounded.
Terence hits you but does no damage. Terence hits you with a +0 short sword.
You hit Terence. Your kick misses Terence.
Terence is severely wounded.
Terence hits you but does no damage.
A frilled lizard comes into view.
The frilled lizard hisses angrily.
You hit Terence. Your peck misses Terence.
Terence is almost dead.
Terence hits you with a +0 short sword. Terence misses you.
You closely miss Terence. Your peck misses Terence.
Terence is almost dead.
Terence hits you with a +0 short sword. x2
You die...

.. .. ..# .. .<
..# . .#.. #.
...
#####.##.####
............####
..g!...lg.......
......##@##.####
g.... #@>....#
## ....
###....##....
... #..........#
## #..#.#.#.#.#
##.........
##.#.#.#.#
#.........
#..#.#)#.#.#
#.....[....#


You could see Terence (fast), a goblin and a frilled lizard.

Vanquished Creatures
  An adder (D:2)
  2 endoplasms (D:2)
  A giant cockroach (D:1)
  3 goblins (D:1)
  A hobgoblin (D:1)
  8 kobolds (D:1)
  3 quokkas
  2 ball pythons (D:2)
  A bat (D:2)
  7 rats
29 creatures vanquished.

Notes
Turn   | Place    | Note
-------+----------+-------------------------------------------
     0 | D:1      | qw the Tengu Warper began the quest for the Orb.
     0 | D:1      | Reached XP level 1. HP: 12/12 MP: 4/4
     0 | D:1      | 0 ||| qw: Version: 0.1-a-89-g26bdef1
     0 | D:1      | 0 ||| qw: Game counter: 3517
     0 | D:1      | 0 ||| qw: Always use a shield: true
     0 | D:1      | 0 ||| qw: God list: Okawaru
     0 | D:1      | 0 ||| qw: Allow faded altars: false
     0 | D:1      | 0 ||| qw: Do Orc after D:15 true
     0 | D:1      | 0 ||| qw: Do second Lair branch before Depths: true
     0 | D:1      | 0 ||| qw: Lair rune preference: random
     0 | D:1      | 0 ||| qw: Plans: Normal
     0 | D:1      | 0 ||| PLANNING D:1-11
    46 | D:1      | 46 ||| DROPPING +0 club.
   229 | D:1      | Reached skill level 3 in Axes
   229 | D:1      | Reached XP level 2. HP: 16/17 MP: 6/6
   304 | D:1      | 304 ||| Stepping ~*~*~tactically~*~*~ (stealth).
   864 | D:1      | 864 ||| UPGRADING to +0 ring mail.
   874 | D:1      | 874 ||| DROPPING +0 leather armour.
   875 | D:1      | 875 ||| UPGRADING to +4 ring of evasion.
   876 | D:1      | 876 ||| READING 2 scrolls labelled ICVEMP ZUCESHRE.
   877 | D:1      | 877 ||| READING scroll labelled MACWOS BUOMUJUGAO.
   878 | D:1      | 878 ||| READING 2 scrolls labelled MUIPLA GAMUL.
   879 | D:1      | 879 ||| READING scroll labelled ATROKU LETAOB.
   880 | D:1      | 880 ||| DROPPING scroll of immolation.
   881 | D:1      | 881 ||| DROPPING scroll of blinking.
   930 | D:2      | Reached XP level 3. HP: 7/21 MP: 7/7
   931 | D:2      | HP: 5/21 [poisoned by an adder]
   935 | D:2      | HP: 2/21 [poisoned by an adder]
  1074 | D:2      | 1074 ||| FLEEEEING.
  1190 | D:2      | 1190 ||| Stepping ~*~*~tactically~*~*~ (stealth).
  1250 | D:2      | Reached skill level 4 in Axes
  1293 | D:2      | Identified the +8 dagger of the Dull God {vorpal, rF+}
  1365 | D:2      | Noticed Terence
  1366 | D:2      | 1366 ||| Stepping ~*~*~tactically~*~*~ (hiding).
  1368 | D:2      | 1368 ||| Stepping ~*~*~tactically~*~*~ (hiding).
  1370 | D:2      | 1370 ||| Stepping ~*~*~tactically~*~*~ (hiding).
  1378 | D:2      | HP: 2/21 [Terence/+0 short sword (5)]
  1378 | D:2      | Slain by Terence

Levels and vault maps discovered:
D:1:      psy_arrival_statuary, layout_basic, corexii_item_surrounded_by_moat
D:2:      layout_basic, basic_altar, nrook_campfire, st_stairs_2, uniq_terence

Skill      XL: |  1  2  3 |
---------------+----------+-----
Axes           | 3 4 |  4.1
Fighting       | |  2.0
Throwing       | |  1.0
Armour         | |  1.1
Dodging        | |  2.1
Spellcasting   | |  2.0
Translocations | |  2.4

Action                   || total
-------------------------++-------
Melee: Hand axe          ||    75
       Kick              ||    11
       Peck              ||     7
       Punch             ||     1
Throw: Boomerang         ||     7
  Use: Scroll            ||     4
Armor: Leather armour    ||    13
       Ring mail         ||     7
Dodge: Dodged            ||    41

Table legend:
 A = Non-vault XP
 B = Vault XP
 C = Vault XP percentage of total XP
 D = Non-vault monster count
 E = Vault monster count
 F = Vault count percentage of total count
                 A         B        C        D         E       F
            +---------+---------+-------+---------+---------+-------
      Total |      51 |       3 |   5.6 |      27 |       2 |   6.9
            +---------+---------+-------+---------+---------+-------
        D:1 |      27 |       0 |   0.0 |      18 |       0 |   0.0
        D:2 |      24 |       3 |  11.1 |       9 |       2 |  18.2
            +---------+---------+-------+---------+---------+-------
